SAA
WESTWOOD SIXSHOOTERS @ IRVING BLUE SOX
09/04/2021
 
TOP OF THE 1ST
Westwood Sixshooters batting - Pitching for Irving Blue Sox : RHP Cole Johnson
Pitching: RHP Cole Johnson
Batting: RHB Sergio Martínez 0-0: Foul Ball, location: 2F
0-1: Foul Ball, location: 2F
0-2: Ball
1-2: Ball
2-2: Strikes out looking
Batting: RHB Jorge Morales 0-0: Ball
1-0: Ball
2-0: Called Strike
2-1: Ground out U3 (Groundball, 3L)
Batting: RHB Jason Boyer 0-0: Foul Ball, location: 2F
0-1: DOUBLE (Line Drive, 5L)
Batting: RHB Brandon Cooper 0-0: Called Strike
0-1: Foul Ball, location: 2F
0-2: Ball
1-2: Ball
2-2: Fly out, F9 (Flyball, 9LS)
Top of the 1st over - 0 run(s), 1 hit(s), 0 error(s), 1 left on base; Westwood 0 - Irving 0
BOTTOM OF THE 1ST
Irving Blue Sox batting - Pitching for Westwood Sixshooters : RHP Joe Dow
Pitching: RHP Joe Dow
Batting: RHB Alfredo Chávez 0-0: Ground out 6-3 (Groundball, 6)
Batting: LHB Kyle James 0-0: Called Strike
0-1: Ball
1-1: Ball
2-1: Foul Ball, location: 2F
2-2: Foul Ball, location: 2F
2-2: Strikes out swinging
Batting: RHB Stewart Ralston 0-0: Called Strike
0-1: Foul Ball, location: 2F
0-2: Ball
1-2: Ball
2-2: Ground out 5-3 (Groundball, 56S)
Bottom of the 1st over - 0 run(s), 0 hit(s), 0 error(s), 0 left on base; Westwood 0 - Irving 0
TOP OF THE 2ND
Westwood Sixshooters batting - Pitching for Irving Blue Sox : RHP Cole Johnson
Batting: LHB George Best 0-0: Ball
1-0: Ball
2-0: Called Strike
2-1: SINGLE (Groundball, 56S)
Batting: SHB Ethan Jollymour 0-0: Ball
1-0: Ball
2-0: Called Strike
2-1: Called Strike
2-2: Ball
3-2: Base on Balls
George Best to second
Batting: RHB Don Thomas 0-0: Called Strike
0-1: Foul Ball, location: 2F
0-2: Strikes out swinging
Batting: RHB Richard Hicks 0-0: Called Strike
George Best steals 3rd base
Ethan Jollymour to second
0-1: Foul Ball, location: 2F
0-2: Ball
1-2: Fly out, F8 (Flyball, 8RM)
Runner from 3rd tags up, SCORES, no throw
Batting: RHB Winston Sparks 0-0: Ball
1-0: SINGLE (Line Drive, 7LM)
Ethan Jollymour to third
Runner from 3rd tries for Home, SAFE, no throw or cutoff
Batting: RHB Sergio Martínez 0-0: Ball
1-0: Ground out 4-3 (Groundball, 4)
Top of the 2nd over - 2 run(s), 2 hit(s), 0 error(s), 1 left on base; Westwood 2 - Irving 0
BOTTOM OF THE 2ND
Irving Blue Sox batting - Pitching for Westwood Sixshooters : RHP Joe Dow
Batting: RHB Júlio López 0-0: Foul Ball, location: 2F
0-1: Ground out 6-3 (Groundball, 6M)
Batting: RHB Jorge López 0-0: Called Strike
0-1: Ball
1-1: Called Strike
1-2: Ball
2-2: Foul Ball, location: 2F
2-2: Foul Ball, location: 2F
2-2: Ground out 5-3 (Groundball, 56)
Batting: RHB Stan Barnes 0-0: Ball
1-0: Swinging Strike
1-1: Called Strike
1-2: Ball
2-2: Strikes out swinging
Bottom of the 2nd over - 0 run(s), 0 hit(s), 0 error(s), 0 left on base; Westwood 2 - Irving 0
TOP OF THE 3RD
Westwood Sixshooters batting - Pitching for Irving Blue Sox : RHP Cole Johnson
Batting: RHB Jorge Morales 0-0: Ball
1-0: Ball
2-0: SINGLE (Groundball, 6M)
Batting: RHB Jason Boyer 0-0: Called Strike
0-1: Foul Ball, location: 2F
0-2: Strikes out looking
Batting: RHB Brandon Cooper 0-0: Called Strike
0-1: Ball
1-1: SINGLE (Groundball, 6MD)
Jorge Morales to second
Batting: LHB George Best 0-0: Ball
1-0: Swinging Strike
1-1: Fly out, F7 (Flyball, 7M)
Batting: SHB Ethan Jollymour 0-0: Called Strike
0-1: Ball
1-1: Fielders Choice at 2nd, 6-4 (Groundball, 56)
Top of the 3rd over - 0 run(s), 2 hit(s), 0 error(s), 1 left on base; Westwood 2 - Irving 0
BOTTOM OF THE 3RD
Irving Blue Sox batting - Pitching for Westwood Sixshooters : RHP Joe Dow
Batting: RHB Dennis Newell 0-0: Called Strike
0-1: Called Strike
0-2: Foul Ball, location: 2F
0-2: Ball
1-2: Foul Ball, location: 2F
1-2: Ball
2-2: Foul Ball, location: 2F
2-2: Foul Ball, location: 2F
2-2: Foul Ball, location: 2F
2-2: Foul Ball, location: 2F
2-2: Ball
3-2: Foul Ball, location: 2F
3-2: Foul Ball, location: 2F
3-2: Ground out U3 (Groundball, 3L)
Batting: RHB Dustin Johnstone 0-0: Fly out, F8 (Flyball, 8LD)
Batting: LHB Ramón Rivera 0-0: Ball
1-0: Foul Ball, location: 2F
1-1: Swinging Strike
1-2: Foul Ball, location: 2F
1-2: Strikes out swinging
Bottom of the 3rd over - 0 run(s), 0 hit(s), 0 error(s), 0 left on base; Westwood 2 - Irving 0
TOP OF THE 4TH
Westwood Sixshooters batting - Pitching for Irving Blue Sox : RHP Cole Johnson
Batting: RHB Don Thomas 0-0: Foul Ball, location: 2F
0-1: Swinging Strike
0-2: Strikes out swinging
Batting: RHB Richard Hicks 0-0: Called Strike
0-1: Swinging Strike
0-2: SINGLE (Groundball, 4MD)
Batting: RHB Winston Sparks 0-0: SINGLE (Flyball, 89S)
Richard Hicks to second
Batting: RHB Sergio Martínez 0-0: Ball
1-0: Ball
2-0: Foul Ball, location: 2F
2-1: Ground out 5-3 (Groundball, 5S)
Richard Hicks to third
Winston Sparks to second
Batting: RHB Jorge Morales 0-0: Called Strike
0-1: Swinging Strike
0-2: Foul Ball, location: 2F
0-2: Foul Ball, location: 2F
0-2: Fly out, F9 (Flyball, 89M)
Top of the 4th over - 0 run(s), 2 hit(s), 0 error(s), 2 left on base; Westwood 2 - Irving 0
BOTTOM OF THE 4TH
Irving Blue Sox batting - Pitching for Westwood Sixshooters : RHP Joe Dow
Batting: RHB Alfredo Chávez 0-0: Called Strike
0-1: Ball
1-1: Ball
2-1: Foul Ball, location: 2F
2-2: Fly out, F2 (Popup, 23F)
Batting: LHB Kyle James 0-0: Called Strike
0-1: Called Strike
0-2: Ball
1-2: Ball
2-2: Ball
3-2: Fly out, F5 (Popup, 5F)
Batting: RHB Stewart Ralston 0-0: Ball
1-0: Ball
2-0: Foul Ball, location: 2F
2-1: Ground out 6-3 (Groundball, 6M)
Bottom of the 4th over - 0 run(s), 0 hit(s), 0 error(s), 0 left on base; Westwood 2 - Irving 0
TOP OF THE 5TH
Westwood Sixshooters batting - Pitching for Irving Blue Sox : RHP Cole Johnson
Batting: RHB Jason Boyer 0-0: Ball
1-0: Foul Ball, location: 2F
1-1: Ball
2-1: DOUBLE (Flyball, 8RXD)
Batting: RHB Brandon Cooper 0-0: Swinging Strike
0-1: Ball
1-1: Ball
2-1: Ball
3-1: Base on Balls
Batting: LHB George Best 0-0: Ball
1-0: Foul Ball, location: 2F
1-1: Grounds into double play, U3-6 (Groundball, 3L)
Jason Boyer to third
Pitching: RHP Andy Perry
Batting: SHB Ethan Jollymour 0-0: Ball
1-0: Called Strike
1-1: Called Strike
1-2: Ball
2-2: 2-RUN HOME RUN (Line Drive, 78XD), Distance : 445 ft
Batting: RHB Don Thomas 0-0: Foul Ball, location: 2F
0-1: Swinging Strike
0-2: Ball
1-2: Foul Ball, location: 2F
1-2: Foul Ball, location: 2F
1-2: Foul Ball, location: 2F
1-2: Strikes out swinging
Top of the 5th over - 2 run(s), 2 hit(s), 0 error(s), 0 left on base; Westwood 4 - Irving 0
BOTTOM OF THE 5TH
Irving Blue Sox batting - Pitching for Westwood Sixshooters : RHP Joe Dow
Batting: RHB Júlio López 0-0: Called Strike
0-1: Ball
1-1: Ball
2-1: Ball
3-1: Swinging Strike
3-2: Base on Balls
Batting: RHB Jorge López 0-0: Ball
1-0: Fly out, F9 (Flyball, 9M)
Batting: RHB Stan Barnes 0-0: Called Strike
0-1: Ball
1-1: Foul Ball, location: 2F
1-2: Ball
2-2: Fly out, F8 (Popup, 4MD)
Batting: RHB Dennis Newell 0-0: Ball
1-0: Ball
2-0: Foul Ball, location: 2F
2-1: Foul Ball, location: 2F
2-2: Foul Ball, location: 2F
2-2: Ball
3-2: Base on Balls
Júlio López to second
Batting: RHB Dustin Johnstone 0-0: Ball
1-0: Ball
2-0: Ball
3-0: Called Strike
3-1: Ground out 6-3 (Groundball, 6)
Bottom of the 5th over - 0 run(s), 0 hit(s), 0 error(s), 2 left on base; Westwood 4 - Irving 0
TOP OF THE 6TH
Westwood Sixshooters batting - Pitching for Irving Blue Sox : RHP Andy Perry
Batting: RHB Richard Hicks 0-0: Called Strike
0-1: Ball
1-1: Ball
2-1: Swinging Strike
2-2: Foul Ball, location: 2F
2-2: Ground out 6-3 (Groundball, 6)
Batting: RHB Winston Sparks 0-0: Ball
1-0: Ball
2-0: Fly out, F4 (Popup, 4D)
Batting: RHB Sergio Martínez 0-0: Ball
1-0: DOUBLE (Line Drive, 7LM)
Batting: RHB Jorge Morales 0-0: Swinging Strike
0-1: Ball
1-1: Called Strike
1-2: Ball
2-2: Foul Ball, location: 2F
2-2: Strikes out looking
Top of the 6th over - 0 run(s), 1 hit(s), 0 error(s), 1 left on base; Westwood 4 - Irving 0
BOTTOM OF THE 6TH
Irving Blue Sox batting - Pitching for Westwood Sixshooters : RHP Joe Dow
Batting: LHB Ramón Rivera 0-0: Called Strike
0-1: Called Strike
0-2: Ball
1-2: Foul Ball, location: 2F
1-2: Ball
2-2: Ball
3-2: Fly out, F7 (Flyball, 7S)
Batting: RHB Alfredo Chávez 0-0: Ball
1-0: Called Strike
1-1: Swinging Strike
1-2: Ball
2-2: Foul Ball, location: 2F
2-2: Strikes out swinging
Batting: LHB Kyle James 0-0: Ball
1-0: Ball
2-0: Called Strike
2-1: Swinging Strike
2-2: Foul Ball, location: 2F
2-2: Ball
3-2: Base on Balls
Batting: RHB Stewart Ralston 0-0: Ball
Kyle James steals 2nd base
1-0: Ball
2-0: Ball
3-0: Base on Balls
Pitching: RHP Paul Abbott
Batting: RHB Júlio López 0-0: Fielders Choice at 2nd, U6 (Groundball, 6M)
Bottom of the 6th over - 0 run(s), 0 hit(s), 0 error(s), 2 left on base; Westwood 4 - Irving 0
TOP OF THE 7TH
Westwood Sixshooters batting - Pitching for Irving Blue Sox : RHP Andy Perry
Batting: RHB Jason Boyer 0-0: Ball
1-0: Called Strike
1-1: Ball
2-1: Ball
3-1: Called Strike
3-2: Base on Balls
Batting: RHB Brandon Cooper 0-0: Fielders Choice at 2nd, 6-4 (Groundball, 6M)
Batting: LHB George Best 0-0: Ball
1-0: Foul Ball, location: 2F
1-1: Foul Ball, location: 2F
1-2: Ball
2-2: SINGLE (Groundball, 6D)
Brandon Cooper to second
Batting: SHB Ethan Jollymour 0-0: Ball
1-0: Swinging Strike
1-1: Ball
2-1: Ball
3-1: Base on Balls
Brandon Cooper to third
George Best to second
Batting: RHB Don Thomas 0-0: Grounds into double play, 5-4-3 (Groundball, 56)
Top of the 7th over - 0 run(s), 1 hit(s), 0 error(s), 2 left on base; Westwood 4 - Irving 0
BOTTOM OF THE 7TH
Irving Blue Sox batting - Pitching for Westwood Sixshooters : RHP Paul Abbott
Batting: RHB Jorge López 0-0: DOUBLE (Groundball, 5L)
Batting: RHB Stan Barnes 0-0: Ball
1-0: Called Strike
1-1: Ball
2-1: Ground out 4-3 (Groundball, 4)
Jorge López to third
Batting: RHB Dennis Newell 0-0: Swinging Strike
0-1: Swinging Strike
0-2: Foul Ball, location: 2F
0-2: Fly out, F8 (Flyball, 78M)
Runner from 3rd tags up, SCORES, throw made
Batting: RHB Dustin Johnstone 0-0: Called Strike
0-1: Foul Ball, location: 2F
0-2: Ball
1-2: Strikes out looking
Bottom of the 7th over - 1 run(s), 1 hit(s), 0 error(s), 0 left on base; Westwood 4 - Irving 1
TOP OF THE 8TH
Westwood Sixshooters batting - Pitching for Irving Blue Sox : RHP Andy Perry
Batting: RHB Richard Hicks 0-0: Ball
1-0: Ball
2-0: Swinging Strike
2-1: Foul Ball, location: 2F
2-2: Strikes out swinging
Batting: RHB Winston Sparks 0-0: Ball
1-0: SINGLE (Line Drive, 6MD)
Pitching: RHP Jim Meyer
Batting: RHB Sergio Martínez 0-0: Fly out, F9 (Flyball, 9S)
Batting: RHB Jorge Morales 0-0: Ball
1-0: Foul Ball, location: 2F
1-1: Ball
2-1: Swinging Strike
2-2: Foul Ball, location: 2F
2-2: Foul Ball, location: 2F
2-2: Strikes out swinging
Top of the 8th over - 0 run(s), 1 hit(s), 0 error(s), 1 left on base; Westwood 4 - Irving 1
BOTTOM OF THE 8TH
Irving Blue Sox batting - Pitching for Westwood Sixshooters : RHP Paul Abbott
Batting: LHB Ramón Rivera 0-0: Called Strike
0-1: Ground out 6-3 (Groundball, 6M)
Batting: RHB Alfredo Chávez 0-0: Called Strike
0-1: SINGLE (Groundball, 56D)
Pitching: RHP Ben Fallon
Batting: LHB Kyle James 0-0: Foul Ball, location: 2F
0-1: Swinging Strike
0-2: Ball
1-2: Foul Ball, location: 2F
1-2: Foul Ball, location: 2F
1-2: SINGLE (Line Drive, 5D)
Alfredo Chávez to second
Batting: RHB Stewart Ralston 0-0: Swinging Strike
0-1: Fly out, F8 (Flyball, 8LS)
Batting: RHB Júlio López 0-0: Fly out, F4 (Popup, 4MD)
Bottom of the 8th over - 0 run(s), 2 hit(s), 0 error(s), 2 left on base; Westwood 4 - Irving 1
TOP OF THE 9TH
Westwood Sixshooters batting - Pitching for Irving Blue Sox : RHP Jim Meyer
Batting: RHB Jason Boyer 0-0: SINGLE (Line Drive, 56D)
Batting: RHB Brandon Cooper 0-0: Called Strike
0-1: Ball
1-1: Foul Ball, location: 2F
1-2: Strikes out swinging
Batting: LHB George Best 0-0: Foul Ball, location: 2F
0-1: Ball
1-1: Called Strike
1-2: Ball
2-2: Strikes out swinging
Batting: SHB Ethan Jollymour 0-0: Ball
1-0: Called Strike
1-1: Ball
2-1: SINGLE (Groundball, 34S)
Jason Boyer to second
Runner from 2nd tries for 3rd, SAFE, throw made to third
Batting: RHB Don Thomas 0-0: Called Strike
0-1: Called Strike
0-2: Ball
1-2: Fly out, F7 (Line Drive, 78M)
Top of the 9th over - 0 run(s), 2 hit(s), 0 error(s), 2 left on base; Westwood 4 - Irving 1
BOTTOM OF THE 9TH
Irving Blue Sox batting - Pitching for Westwood Sixshooters : RHP Ben Fallon
Pitching: RHP Juan Guillén
Now at C: Júlio García
Now at 3B: Ron Schneider
Batting: RHB Jorge López 0-0: Called Strike
0-1: Ball
1-1: Called Strike
1-2: Foul Ball, location: 2F
1-2: Strikes out looking
Batting: RHB Stan Barnes 0-0: Ball
1-0: Swinging Strike
1-1: Ball
2-1: Foul Ball, location: 2F
2-2: Foul Ball, location: 2F
2-2: Ball
3-2: Foul Ball, location: 2F
3-2: Strikes out swinging
Batting: RHB Dennis Newell 0-0: Ball
1-0: Swinging Strike
1-1: SINGLE (Line Drive, 9LS)
Batting: RHB Dustin Johnstone 0-0: Swinging Strike
0-1: Ball
1-1: Ball
2-1: Called Strike
2-2: Foul Ball, location: 2F
2-2: Fly out, F7 (Line Drive, 7D)
Bottom of the 9th over - 0 run(s), 1 hit(s), 0 error(s), 1 left on base; Westwood 4 - Irving 1
This league is powered by Out of the Park Baseball, the baseball management simulation game for PC, Mac and Linux
Friday, January 22nd, 2016 - OOTP Baseball 16.9 Build 39